 Dungeon Crawl Stone Soup version 0.29-a0-322-g68df515428 (webtiles) character file.

Game seed: 17909284044666386996

1383 croobank the Covered (level 8, -4/52 HPs)
             Began as a Gargoyle Fighter on Apr 7, 2022.
             Slain by Prince Ribbit (12 damage)
             ... on level 5 of the Dungeon.
             The game lasted 00:21:07 (5972 turns).

croobank the Covered (Gargoyle Fighter)             Turns: 5972, Time: 00:21:08

Health: -4/52      AC: 28    Str: 23    XL:     8   Next: 67%
Magic:  8/8        EV: 10    Int:  8    God:
Gold:   235        SH:  5    Dex:  9    Spells: 7/7 levels left

rFire   . . .      SeeInvis .   p - +2 long sword (holy)
rCold   . . .      Faith    .   c - +0 buckler
rNeg    + . .      Spirit   .   n - +4 plate armour
rPois   ∞          Reflect  .   m - +0 helmet
rElec   +          Harm     .   (no cloak)
rCorr   .          Rampage  .   o - +1 pair of gloves
Will    .....                   l - +1 pair of boots
Stlth   ..........              (no amulet)
HPRegen 0.17/turn               j - +4 ring of evasion
MPRegen 0.11/turn               (no ring)

@: no status effects
A: sickness immunity, AC +5, negative energy resistance 1, electricity
resistance, torment resistance 1, petrification resistance
a: no special abilities


You were on level 5 of the Dungeon.
You visited 1 branch of the dungeon, and saw 6 of its levels.

You collected 235 gold pieces.

Inventory:

Hand Weapons
 a - a +0 war axe
 e - a +0 falchion
 p - a +2 long sword of holy wrath (weapon)
Missiles
 d - 4 datura-tipped darts (quivered)
 k - 185 stones
Armour
 c - a +0 buckler (worn)
 l - a +1 pair of boots (worn)
 m - a +0 helmet (worn)
 n - a +4 plate armour (worn)
 o - a +1 pair of gloves (worn)
Jewellery
 j - a +4 ring of evasion (left hand)
Wands
 q - a wand of polymorph (10)
Scrolls
 b - a scroll of identify
 g - a scroll of amnesia
 r - a scroll of silence {unknown}
 s - a scroll of fear {unknown}
Potions
 h - a potion of degeneration {unknown}
 i - 2 potions of mutation {unknown}


   Skills:
 + Level 6.5 Fighting
 + Level 3.7 Long Blades
 - Level 3.0 Axes
 + Level 6.5 Armour
 + Level 6.5 Shields


You had 7 spell levels left.
You didn't know any spells.
Your spell library contained the following spells:

 Spells                   Type           Power      Damage    Failure   Level
 Hailstorm                Conj/Ice       0%         3d3       100%        4
 Ice Form                 Ice/Tmut       0%         N/A       100%        4
 Simulacrum               Ice/Necr       0%         N/A       100%        6


Dungeon Overview and Level Annotations

Branches:
Dungeon (6/15)             Temple (0/1) D:4

Altars:
Hepliaklqana
Kikubaaqudgha
Trog
Uskayaw
Zin
The Shining One

Shops:
D:5 !

Annotations:
D:3 Sigmund
D:5 Prince Ribbit


Innate Abilities, Weirdness & Mutations

You are immune to sickness and miasma.
Your stone body is resilient. (AC +5)
You are immune to poison.
You resist negative energy. (rN+)
You are resistant to electric shocks. (rElec)
You are resistant to unholy torment.
You are immune to petrification.


Message History

You closely miss Prince Ribbit.
Prince Ribbit is moderately wounded.
Prince Ribbit blinks!
Prince Ribbit hits you but does no damage.
You closely miss Prince Ribbit.
Prince Ribbit is moderately wounded.
Prince Ribbit hits you!
You slash Prince Ribbit!
Prince Ribbit is heavily wounded.
Prince Ribbit lets out a mournful croak.
Prince Ribbit hits you!
Prince Ribbit blinks!
Prince Ribbit catches a centipede with his tongue.
Prince Ribbit blinks!
You barely miss Prince Ribbit.
Prince Ribbit is heavily wounded.
Prince Ribbit barely misses you.
You closely miss Prince Ribbit.
Prince Ribbit is heavily wounded.
Prince Ribbit winks and puckers his lips.
Prince Ribbit hits you! Prince Ribbit hits you.
* * * LOW HITPOINT WARNING * * *
You slash Prince Ribbit!
Prince Ribbit is severely wounded.
Prince Ribbit hits you!
* * * LOW HITPOINT WARNING * * *
Prince Ribbit blinks!
Okay, then.
Prince Ribbit blinks!
Prince Ribbit blinks!
Prince Ribbit blinks!
There is a stone staircase leading down here.
Prince Ribbit blinks!
You block Prince Ribbit's attack. Prince Ribbit closely misses you.
Prince Ribbit hits you but does no damage.
There is a stone staircase leading up here.
You hit Prince Ribbit.
Prince Ribbit is almost dead.
Prince Ribbit hits you!
You die...

#...........##..#.#.#.#.#......)
##...............................
................#.#.#.#.#.#......
...............................##
.######.........###.............#
###...#..........###...........##
§§.._.#........................#
###...#........................#
#######.........@[......#.....##
.....#...........F....###....#.##
.)....[.#.......................#
......###.......##...#...........
..#..................##..........
#.#.#................#...##..#...
.....#..<...........##....#......
.....................#...........
.....................>..##...####


You could see Prince Ribbit.

Vanquished Creatures
  2 black bears (D:5)
  An ogre (D:5)
  4 lemures
  A bullfrog (D:6)
  2 necrophages (D:5)
  A scorpion (D:4)
  A howler monkey (D:4)
  A crimson imp (D:4)
  2 jellies
  4 orc priests
  2 hounds
  2 iguanas
  Terence (D:2)
  Natasha (D:3)
  6 orc wizards
  Robin (D:3)
  9 gnolls
  7 adders
  A shadow imp (D:4)
  A white imp (D:5)
  2 worms (D:4)
  11 orcs
  8 endoplasms
  8 giant cockroaches
  15 goblins
  15 hobgoblins
  5 jackals (D:2)
  8 kobolds
  2 quokkas
  9 ball pythons
  6 bats
  4 frilled lizards
  A goblin skeleton (D:4)
  A goblin zombie (D:4)
  6 hobgoblin zombies (D:4)
  A kobold skeleton (D:4)
  2 kobold zombies (D:4)
  2 orc zombies (D:4)
  10 rats
166 creatures vanquished.

Vanquished Creatures (others)
  An iguana (D:6)
1 creature vanquished.

Grand Total: 167 creatures vanquished

Notes
Turn   | Place    | Note
-------+----------+-------------------------------------------
     0 | D:1      | croobank the Gargoyle Fighter began the quest for the Orb.
     0 | D:1      | Reached XP level 1. HP: 14/14 MP: 1/1
   142 | D:1      | Reached XP level 2. HP: 19/19 MP: 2/2
   378 | D:1      | Found a faded altar of an unknown god.
   590 | D:1      | Reached XP level 3. HP: 23/23 MP: 3/3
  1015 | D:2      | Noticed Terence
  1059 | D:2      | Killed Terence
  1060 | D:2      | Reached XP level 4. HP: 3/29 MP: 4/4
  2010 | D:3      | Noticed Natasha
  2015 | D:3      | Killed Natasha
  2016 | D:3      | Reached XP level 5. HP: 33/33 MP: 5/5
  2025 | D:3      | Noticed Sigmund
  2665 | D:3      | Noticed Robin
  2695 | D:3      | Killed Robin
  3039 | D:4      | Found a staircase to the Ecumenical Temple.
  3087 | D:4      | Reached XP level 6. HP: 35/39 MP: 6/6
  3146 | D:4      | Reached skill level 1 in Long Blades
  3154 | D:4      | Found an ancient bone altar of Kikubaaqudgha.
  3495 | D:4      | Found a glowing golden altar of the Shining One.
  3564 | D:4      | Reached skill level 5 in Fighting
  3572 | D:4      | Reached skill level 5 in Armour
  3722 | D:4      | Reached skill level 5 in Shields
  3722 | D:4      | Reached XP level 7. HP: 35/44 MP: 7/7
  3924 | D:4      | Found a hide-covered altar of Uskayaw.
  4008 | D:5      | Entered Level 5 of the Dungeon
  4213 | D:5      | Noticed Pikel
  4464 | D:5      | Noticed Pikel
  4464 | D:5      | Pikel changed into Pikel the ball python
  4469 | D:5      | Killed Pikel the ball python
  4630 | D:5      | Noticed Blork the orc
  4632 | D:5      | Noticed Blork
  4632 | D:5      | Blork the orc changed into Blork the hound
  4639 | D:5      | Killed Blork the hound
  4870 | D:5      | Found Duinit's Distillery.
  5057 | D:5      | Found a hazy altar of Hepliaklqana.
  5156 | D:5      | Reached XP level 8. HP: 51/51 MP: 8/8
  5375 | D:6      | Found a glowing silver altar of Zin.
  5721 | D:6      | Found a bloodstained altar of Trog.
  5856 | D:6      | Noticed Prince Ribbit
  5972 | D:5      | Slain by Prince Ribbit

Illustrated notes

Levels and vault maps discovered:
D:1:      psy_arrival_fountain, layout_basic, shapermc_ecumenical_altar_ellora,
          serial_park_tiny_2, kennysheep_another_room
D:2:      layout_basic, hex_medium, minmay_worlds_worst_comb, uniq_terence
D:3:      layout_loops_cross, uniq_sigmund, uniq_natasha, uniq_robin
D:4:      layout_cave_pools, old_standard_altar, nicolae_tso_besieged_by_evil,
          mainiacjoe_overflow_surrounded_room, minmay_temple_entry_mist
D:5:      layout_cave_pools, nzn_hepliaklqana_mist_gate, serial_shops,
          nicolae_take_the_stairs, minmay_misc_feat_pillars,
          kennysheep_generic_room_2, uniq_blork_the_orc, uniq_pikel
D:6:      layout_loops_ring, zin_statuary, nicolae_ru_awakened_eye,
          mainiacjoe_overflow_paths, trog_ov_bears_minmay, serial_shops, shop,
          uniq_prince_ribbit1

Skill      XL: |  1  2  3  4  5  6  7  8 |
---------------+-------------------------+-----
Axes           | 2 3 |  3.0
Fighting       | 4 5 6 |  6.5
Armour         | 4 5 6 |  6.5
Shields        | 4 5 6 |  6.5
Long Blades    | 1 2 3 |  3.7

Action                   |  1- 3 |  4- 6 |  7- 9 || total
-------------------------+-------+-------+-------++-------
Melee: War axe           |    95 |   157 |       ||   252
       Long sword        |       |    87 |   273 ||   360
Throw: Stone             |     1 |       |     2 ||     3
       Dart              |       |       |     6 ||     6
Evoke: Wand              |       |       |     5 ||     5
  Use: Potion            |     4 |     2 |     2 ||     8
       Scroll            |       |     7 |     9 ||    16
Armor: Scale mail        |    64 |   143 |    36 ||   243
       Skin              |     2 |       |       ||     2
       Plate armour      |       |       |   157 ||   157
Dodge: Dodged            |    74 |   195 |   172 ||   441
Block: Buckler           |    27 |    67 |    76 ||   170

Table legend: (Time is in decaauts)
 A = Elapsed time spent in this place.
 B = Non-inter-level travel time spent in this place.
 C = Inter-level travel time spent in this place.
 D = Time resting spent in this place.
 E = Time spent auto-exploring this place.
 F = Levels seen in this place.
 G = Mean time per level.
                   A        B        C        D        E       F      G
               +--------+--------+--------+--------+--------+-----+--------+
         Total |   6183 |   6016 |    167 |   2029 |   2079 |   6 | 1030.5 |
       Dungeon |   6183 |   6016 |    167 |   2029 |   2079 |   6 | 1030.5 |
               +--------+--------+--------+--------+--------+-----+--------+

Top non-repeatable levels by time:
     D:4: 1549 daAuts
     D:2: 1499 daAuts
     D:5: 1105 daAuts
     D:1: 1031 daAuts
     D:6: 553 daAuts
     D:3: 442 daAuts
